SKY
NEW YORK YANKEES @ NEW YORK METS
05/05/2052
 
TOP OF THE 1ST
New York Yankees batting - Pitching for New York Mets : LHP Ryan Zuleger
Pitching: LHP Ryan Zuleger
Batting: LHB Jimmy Boyer 0-0: Ball
1-0: Bunt for hit to 13 - play at first, batter safe!
Batting: LHB Daryn Scott 0-0: Called Strike
0-1: Swinging Strike
0-2: Ball
1-2: Ball
2-2: Ball
3-2: Hit by Pitch
Jimmy Boyer to second
Batting: LHB Isaiah Howerton 0-0: Ball
1-0: Fielders Choice at 2nd, 4-6 (Groundball, 4, EV 87.5 MPH)
Jimmy Boyer to third
Batting: LHB Alejandro Esquivel 0-0: Fly out, F6 (Popup, 6D, EV 58.8 MPH)
Batting: RHB Evan Dankowski 0-0: Ball
1-0: Called Strike
1-1: Ball
2-1: Ground out U3 (Groundball, 3S, EV 87.5 MPH)
Top of the 1st over - 0 runs, 1 hit, 0 errors, 2 left on base; New York 0 - New York 0
BOTTOM OF THE 1ST
New York Mets batting - Pitching for New York Yankees : RHP Terence Blevins
Pitching: RHP Terence Blevins
Batting: LHB Elih Zelaya 0-0: Ball
1-0: Ground out 4-3 (Groundball, 4, EV 86.3 MPH)
Batting: LHB Bobby Crooks 0-0: Ball
1-0: Called Strike
1-1: Swinging Strike
1-2: Strikes out swinging
Batting: RHB Jonathan Mitchell 0-0: Ball
1-0: Foul Ball, location: 2F
1-1: Foul Ball, location: 5DF
1-2: Ground out 6-3 (Groundball, 6, EV 81.9 MPH)
Bottom of the 1st over - 0 runs, 0 hits, 0 errors, 0 left on base; New York 0 - New York 0
TOP OF THE 2ND
New York Yankees batting - Pitching for New York Mets : LHP Ryan Zuleger
Batting: LHB Dave Herbster 0-0: Ball
1-0: Called Strike
1-1: Called Strike
1-2: Ball
2-2: Fly out, F6 (Line Drive, 6M, EV 72.5 MPH)
Batting: RHB Ray Christman 0-0: Hit by Pitch
Batting: SHB Jared Calhoun 0-0: Called Strike
Ray Christman is caught stealing 2nd base 2-4
0-1: Ball
1-1: Ball
2-1: Ball
3-1: Base on Balls
Batting: RHB Zach Loftin 0-0: Ball
1-0: Ground out 5-3 (Groundball, 56S, EV 85.0 MPH)
Top of the 2nd over - 0 runs, 0 hits, 0 errors, 1 left on base; New York 0 - New York 0
BOTTOM OF THE 2ND
New York Mets batting - Pitching for New York Yankees : RHP Terence Blevins
Batting: LHB Earl Jones 0-0: Ball
1-0: SINGLE (Groundball, P, EV 81.9 MPH) (infield hit)
Batting: SHB Emmanuel González 0-0: Called Strike
0-1: Ball
1-1: Swinging Strike
1-2: Strikes out swinging
Batting: RHB Javin Hall 0-0: Ball
1-0: Fly out, F9 (Flyball, 9, EV 93.8 MPH)
Batting: LHB Cody Phillips 0-0: Called Strike
0-1: Ground out 1-3 (Groundball, 23, EV 63.1 MPH)
Bottom of the 2nd over - 0 runs, 1 hit, 0 errors, 1 left on base; New York 0 - New York 0
TOP OF THE 3RD
New York Yankees batting - Pitching for New York Mets : LHP Ryan Zuleger
Batting: LHB Jimmy Boyer 0-0: Ball
1-0: Ball
2-0: Called Strike
2-1: Swinging Strike
2-2: Ball
3-2: Foul Ball, location: 7LMFF
3-2: SINGLE (Line Drive, 56D, EV 104.4 MPH)
Batting: LHB Daryn Scott 0-0: Ball
1-0: SINGLE (Groundball, 34D, EV 100.6 MPH)
Jimmy Boyer to second
Runner from 2nd tries for 3rd, SAFE, throw by RF made to third
Batting: LHB Isaiah Howerton 0-0: Foul Ball, location: 5F
0-1: Foul Ball, location: 2F
0-2: Ball
1-2: Ball
2-2: Hit by Pitch
Daryn Scott to second
Batting: LHB Alejandro Esquivel 0-0: Grounds into double play, 3-6-3 (Groundball, 3, EV 85.0 MPH)
Jimmy Boyer scores
Daryn Scott to third
Batting: RHB Evan Dankowski 0-0: DOUBLE (Line Drive, 9LM, EV 107.5 MPH)
Daryn Scott scores
Batting: LHB Dave Herbster 0-0: Ball
1-0: Called Strike
1-1: Swinging Strike
1-2: Foul Ball, location: 9LDF
1-2: Strikes out looking
Top of the 3rd over - 2 runs, 3 hits, 0 errors, 1 left on base; New York 2 - New York 0
BOTTOM OF THE 3RD
New York Mets batting - Pitching for New York Yankees : RHP Terence Blevins
Batting: RHB Jeremy Zimmerman 0-0: Swinging Strike
0-1: Ball
1-1: Ball
2-1: Ground out 6-3 (Groundball, 6, EV 81.3 MPH)
Batting: LHB Enrique Reyna 0-0: Ball
1-0: Ball
2-0: Fly out, F9 (Flyball, 89M, EV 81.3 MPH)
Batting: LHB Elih Zelaya 0-0: Ball
1-0: Ball
2-0: TRIPLE (Line Drive, 89XD, EV 103.8 MPH)
Batting: LHB Bobby Crooks 0-0: Ball
1-0: Foul Ball, location: 2F
1-1: Ball
2-1: Fly out, F5 (Line Drive, 5, EV 68.8 MPH)
Bottom of the 3rd over - 0 runs, 1 hit, 0 errors, 1 left on base; New York 2 - New York 0
TOP OF THE 4TH
New York Yankees batting - Pitching for New York Mets : LHP Ryan Zuleger
Batting: RHB Ray Christman 0-0: Bunted foul
0-1: Ball
1-1: Ground out 5-3 (Groundball, 56, EV 89.4 MPH)
Batting: SHB Jared Calhoun 0-0: Ball
1-0: Ball
2-0: Called Strike
2-1: Foul Ball, location: 2F
2-2: Strikes out swinging
Batting: RHB Zach Loftin 0-0: Ground out 5-3 (Groundball, 25, EV 83.8 MPH)
Top of the 4th over - 0 runs, 0 hits, 0 errors, 0 left on base; New York 2 - New York 0
BOTTOM OF THE 4TH
New York Mets batting - Pitching for New York Yankees : RHP Terence Blevins
Batting: RHB Jonathan Mitchell 0-0: Called Strike
0-1: Ball
1-1: Ball
2-1: Called Strike
2-2: Ball
3-2: Foul Ball, location: 5SF
3-2: Foul Ball, location: 2F
3-2: Hit by Pitch
Batting: LHB Earl Jones 0-0: Called Strike
0-1: Ball
1-1: Foul Ball, location: 2LF
1-2: Ball
Jonathan Mitchell steals 2nd, throwing error, E2
Jonathan Mitchell to third
2-2: Fly out, F8 (Flyball, 8LD, EV 95.0 MPH)
Runner from 3rd tags up, SCORES, throw by CF
Batting: SHB Emmanuel González 0-0: Foul Ball, location: 2F
0-1: Fly out, F9 (Flyball, 89S, EV 83.8 MPH)
Batting: RHB Javin Hall 0-0: Called Strike
0-1: Ball
1-1: Swinging Strike
1-2: Strikes out swinging
Bottom of the 4th over - 1 run, 0 hits, 1 error, 0 left on base; New York 2 - New York 1
TOP OF THE 5TH
New York Yankees batting - Pitching for New York Mets : LHP Ryan Zuleger
Batting: LHB Jimmy Boyer 0-0: Foul Ball, location: 2F
0-1: Swinging Strike
0-2: Foul Ball, location: 7LMF
0-2: Ball
1-2: Ball
2-2: Strikes out swinging
Batting: LHB Daryn Scott 0-0: Ball
1-0: Ball
2-0: SINGLE (Line Drive, 78S, EV 91.9 MPH)
Batting: LHB Isaiah Howerton 0-0: Ball
1-0: Swinging Strike
1-1: Ball
2-1: Foul Ball, location: 2LF
2-2: Ball
3-2: SINGLE (Line Drive, 4MD, EV 104.4 MPH)
Daryn Scott to second
Batting: LHB Alejandro Esquivel 0-0: Called Strike
0-1: Swinging Strike
0-2: SINGLE (Line Drive, 8LS, EV 87.5 MPH)
Daryn Scott to third
Isaiah Howerton to second
Runner from 3rd tries for Home, SAFE, throw by CF to home
Batting: RHB Evan Dankowski 0-0: Ball
1-0: Swinging Strike
1-1: Ball
2-1: Swinging Strike
2-2: Fly out, F8 (Flyball, 8LXD, EV 83.1 MPH)
Runner from 2nd tags up, SAFE at 3rd, no throw by CF
Batting: LHB Dave Herbster 0-0: Called Strike
0-1: Ball
1-1: Ground out 4-3 (Groundball, 4, EV 88.1 MPH)
Top of the 5th over - 1 run, 3 hits, 0 errors, 2 left on base; New York 3 - New York 1
BOTTOM OF THE 5TH
New York Mets batting - Pitching for New York Yankees : RHP Terence Blevins
Pitching: RHP David Palmer
Batting: LHB Cody Phillips 0-0: Ball
1-0: Called Strike
1-1: Fly out, F4 (Popup, 34, EV 71.3 MPH)
Batting: RHB Jeremy Zimmerman 0-0: Ground out 5-3 (Groundball, 56S, EV 95.0 MPH)
Batting: LHB Enrique Reyna 0-0: Hit by Pitch
Batting: LHB Elih Zelaya 0-0: Ball
1-0: Called Strike
1-1: Ball
2-1: SINGLE (Flyball, 4D, EV 98.8 MPH)
Enrique Reyna to second
Runner from 2nd tries for 3rd, SAFE, throw by CF made to third
Batting: LHB Bobby Crooks 0-0: Ball
1-0: Fly out, F5 (Line Drive, 5L, EV 73.1 MPH)
Bottom of the 5th over - 0 runs, 1 hit, 0 errors, 2 left on base; New York 3 - New York 1
TOP OF THE 6TH
New York Yankees batting - Pitching for New York Mets : LHP Ryan Zuleger
Pitching: RHP Ethan Ponzio
Batting: RHB Ray Christman 0-0: Ball
1-0: Swinging Strike
1-1: Ground out 6-3 (Groundball, 6, EV 84.4 MPH)
Batting: SHB Jared Calhoun 0-0: Ball
1-0: Ball
2-0: Ball
3-0: Base on Balls
Batting: RHB Zach Loftin 0-0: Fly out, F9 (Line Drive, 9, EV 95.0 MPH)
Batting: LHB Jimmy Boyer 0-0: Fielders Choice at 2nd, 6-4 (Groundball, 6, EV 77.5 MPH)
Top of the 6th over - 0 runs, 0 hits, 0 errors, 1 left on base; New York 3 - New York 1
BOTTOM OF THE 6TH
New York Mets batting - Pitching for New York Yankees : RHP David Palmer
Batting: RHB Jonathan Mitchell 0-0: Ball
1-0: Called Strike
1-1: Swinging Strike
1-2: Strikes out looking
Batting: LHB Earl Jones 0-0: Called Strike
0-1: SINGLE (Line Drive, 7S, EV 102.5 MPH)
Batting: SHB Emmanuel González 0-0: Ball
1-0: Foul Ball, location: 2F
1-1: Ball
2-1: SINGLE (Line Drive, 4D, EV 104.4 MPH)
Earl Jones to second
Batting: RHB Javin Hall 0-0: Called Strike
0-1: Ball
1-1: SINGLE (Groundball, 6MD, EV 94.4 MPH)
Earl Jones to third
Emmanuel González to second
Batting: LHB Cody Phillips 0-0: Ball
1-0: Fly out, F8 (Flyball, 8RD, EV 86.9 MPH)
Runner from 3rd tags up, SCORES, throw by CF
Batting: RHB Jeremy Zimmerman 0-0: Fielders Choice at 2nd, 6-4 (Groundball, 6, EV 89.4 MPH)
Bottom of the 6th over - 1 run, 3 hits, 0 errors, 2 left on base; New York 3 - New York 2
TOP OF THE 7TH
New York Yankees batting - Pitching for New York Mets : RHP Ethan Ponzio
Batting: LHB Daryn Scott 0-0: Called Strike
0-1: Ball
1-1: Ball
2-1: Ball
3-1: Foul Ball, location: 2F
3-2: Foul Ball, location: 2F
3-2: Ground out U3 (Groundball, 3, EV 85.0 MPH)
Batting: LHB Isaiah Howerton 0-0: SINGLE (Groundball, 4MD, EV 100.6 MPH)
Batting: LHB Alejandro Esquivel 0-0: Called Strike
0-1: Swinging Strike
0-2: Grounds into double play, 6-4-3 (Groundball, 6MD, EV 108.1 MPH)
Top of the 7th over - 0 runs, 1 hit, 0 errors, 0 left on base; New York 3 - New York 2
BOTTOM OF THE 7TH
New York Mets batting - Pitching for New York Yankees : RHP David Palmer
Batting: LHB Enrique Reyna 0-0: Ball
1-0: Fly out, F8 (Flyball, 8RS, EV 87.5 MPH)
Batting: LHB Elih Zelaya 0-0: Ground out U3 (Groundball, 3, EV 90.6 MPH)
Batting: LHB Bobby Crooks 0-0: Called Strike
0-1: Swinging Strike
0-2: Ball
1-2: Ground out 4-3 (Groundball, 34, EV 84.4 MPH)
Bottom of the 7th over - 0 runs, 0 hits, 0 errors, 0 left on base; New York 3 - New York 2
TOP OF THE 8TH
New York Yankees batting - Pitching for New York Mets : RHP Ethan Ponzio
Batting: RHB Evan Dankowski 0-0: Foul Ball, location: 2F
0-1: Ground out 1-3 (Groundball, 34S, EV 61.3 MPH)
Batting: LHB Dave Herbster 0-0: Ball
1-0: Swinging Strike
1-1: Ground out 5-3 (Groundball, 56, EV 86.9 MPH)
Batting: RHB Ray Christman 0-0: Called Strike
0-1: Ball
1-1: Ground out 1-3 (Groundball, 15S, EV 70.6 MPH)
Top of the 8th over - 0 runs, 0 hits, 0 errors, 0 left on base; New York 3 - New York 2
BOTTOM OF THE 8TH
New York Mets batting - Pitching for New York Yankees : RHP David Palmer
Batting: RHB Jonathan Mitchell 0-0: Called Strike
0-1: Swinging Strike
0-2: Ground out 4-3 (Groundball, 4, EV 110.0 MPH)
Batting: LHB Earl Jones 0-0: Called Strike
0-1: Swinging Strike
0-2: Ball
1-2: Ball
2-2: Fly out, F7 (Flyball, 7, EV 83.1 MPH)
Batting: SHB Emmanuel González 0-0: Foul Ball, location: 7LSF
0-1: Ball
1-1: Swinging Strike
1-2: SOLO HOME RUN (Flyball, 9D, EV 97.5 MPH), Distance : 384 ft
Batting: RHB Javin Hall 0-0: Ball
1-0: SINGLE (Line Drive, 8LS, EV 83.8 MPH)
Pitching: LHP Brian Kuester
Pinch Hitting: RHB Tyler McCaughey 0-0: Fly out, F8 (Flyball, 8LM, EV 92.5 MPH)
Bottom of the 8th over - 1 run, 2 hits, 0 errors, 1 left on base; New York 3 - New York 3
TOP OF THE 9TH
New York Yankees batting - Pitching for New York Mets : RHP Ethan Ponzio
Now in LF: Miroel Alcantar
Now in RF: Elih Zelaya
Batting: SHB Jared Calhoun 0-0: Swinging Strike
0-1: Foul Ball, location: 2F
0-2: Ball
1-2: Strikes out swinging
Batting: RHB Zach Loftin 0-0: Ball
1-0: Ball
2-0: Foul Ball, location: 9LSF
2-1: Called Strike
2-2: Foul Ball, location: 9LSF
2-2: Ball
3-2: Base on Balls
Batting: LHB Jimmy Boyer 0-0: Sac Bunt to 23 - play at first, batter safe!
Zach Loftin to second
Batting: LHB Daryn Scott 0-0: Called Strike
0-1: Called Strike
0-2: Ball
1-2: Strikes out swinging
Pitching: LHP J.D. Taylor
Batting: LHB Isaiah Howerton 0-0: Ball
1-0: Ball
2-0: Foul Ball, location: 2F
2-1: Called Strike
2-2: Ball
3-2: 3-RUN HOME RUN (Flyball, 9D, EV 95.6 MPH), Distance : 389 ft
Batting: LHB Alejandro Esquivel 0-0: Ball
1-0: Ball
2-0: Ball
3-0: Base on Balls
Batting: RHB Evan Dankowski 0-0: Ball
1-0: Called Strike
1-1: Foul Ball, location: 3F
1-2: Fielders Choice at 2nd, 4-6 (Groundball, 4MD, EV 98.8 MPH)
Top of the 9th over - 3 runs, 2 hits, 0 errors, 1 left on base; New York 6 - New York 3
BOTTOM OF THE 9TH
New York Mets batting - Pitching for New York Yankees : LHP Brian Kuester
Batting: RHB Jeremy Zimmerman 0-0: Ball
1-0: Ball
2-0: Foul Ball, location: 7LMF
2-1: Ball
3-1: SINGLE (Line Drive, 89S, EV 89.4 MPH)
Pinch Hitting: RHB Dennis Hardwick 0-0: Ball
1-0: Swinging Strike
1-1: Foul Ball, location: 9LMF
1-2: Ball
2-2: SINGLE (Line Drive, 3D, EV 94.4 MPH)
Jeremy Zimmerman to second
Batting: LHB Elih Zelaya 0-0: Ball
1-0: Ball
2-0: Grounds into double play, 6-4-3 (Groundball, 6, EV 105.0 MPH)
Jeremy Zimmerman to third
Batting: LHB Bobby Crooks 0-0: Ball
1-0: Foul Ball, location: 2F
1-1: SINGLE (Groundball, 6MD, EV 99.4 MPH)
Jeremy Zimmerman scores
Batting: RHB Jonathan Mitchell 0-0: Ball
1-0: Called Strike
1-1: Ball
2-1: Foul Ball, location: 2F
2-2: Ball
3-2: Strikes out swinging
Bottom of the 9th over - 1 run, 3 hits, 0 errors, 1 left on base; New York 6 - New York 4
Friday, April 19th , 2024 - OOTP Baseball 24.11 Build 85